 Dungeon Crawl Stone Soup version 0.19-a0-1091-g463c9de (webtiles) character file.

121 Jmtri7 the Conjurer (level 4, 24/24 HPs)
             Began as a Deep Elf Conjurer on Aug 6, 2016.
             Quit the game on level 3 of the Dungeon on Aug 7, 2016.
             The game lasted 00:09:25 (2112 turns).

Jmtri7 the Conjurer (Deep Elf Conjurer)             Turns: 2112, Time: 00:09:25

Health: 24/24      AC:  3    Str:  5    XL:     4   Next: 76%
Magic:  9/10       EV: 13    Int: 21    God:
Gold:   182        SH:  0    Dex: 15    Spells: 1 memorised, 8 levels left

rFire  . . .     SeeInvis .     o - +1 short sword (venom)
rCold  . . .     Gourm    .     a - +0 robe
rNeg   . . .     Faith    .     (no shield)
rPois  .         Spirit   .     m - +0 helmet
rElec  .         Dismiss  .     (no cloak)
rCorr  .         Reflect  .     (no gloves)
SustAt .         Harm     .     (no boots)
MR     .....                    (no amulet)
Stlth  ++........               n - ring of wizardry
                                h - ring of wizardry

@:
A: no striking features
a: no special abilities


You were on level 3 of the Dungeon.
You were not hungry.

You visited 1 branch of the dungeon, and saw 3 of its levels.

You collected 182 gold pieces.

Inventory:

Hand Weapons
 o - a +1 short sword of venom (weapon)
Armour
 a - a +0 robe (worn)
 m - a +0 helmet (worn)
Jewellery
 h - a ring of wizardry (left hand)
 n - a ring of wizardry (right hand)
Scrolls
 d - 3 scrolls of identify {unknown}
 e - 2 scrolls of magic mapping {unknown}
 f - 2 scrolls of remove curse {unknown}
 p - a scroll of fog {unknown}
 r - a scroll of teleportation {unknown}
Potions
 j - a potion of resistance {unknown}
 k - a potion of brilliance {unknown}
 q - a potion of heal wounds {unknown}
Books
 b - a book of Conjurations

   Spells                             Type                      Level
   a - Magic Dart                     Conjuration                  1
   b - Searing Ray                    Conjuration                  2
   c - Dazzling Spray                 Conjuration/Hexes            3
   d - Fulminant Prism                Conjuration/Hexes            4
   e - Iskenderun's Mystic Blast      Conjuration                  4
   f - Iskenderun's Battlesphere      Conjuration/Charms           5
Comestibles
 c - 3 bread rations
 g - 3 chunks of flesh
 i - a beef jerky
 l - 2 meat rations


   Skills:
 - Level 2.4 Dodging
 - Level 2.4 Stealth
 + Level 3.0 Spellcasting
 - Level 6.8 Conjurations


You had 8 spell levels left.
You knew the following spells:

 Your Spells              Type           Power        Failure   Level  Hunger
a - Magic Dart            Conj           ####         1%          1    None


Dungeon Overview and Level Annotations

Branches:
Dungeon (3/15)

Altars:
Fedhas
Qazlal
Xom


Message History

You butcher the rat corpse.
g - 4 chunks of flesh (gained 1) Eating one of 4 chunks of flesh.
You start eating one of the 4 chunks of flesh.
You continue eating. x2
You finish eating.
This raw flesh tastes terrible.
A bat comes into view.
Found a bread ration.
Casting: Magic Dart
Confirm with . or Enter, or press ? or * to list all spells.
You don't know that spell.
Unknown command.
The helpless bat fails to defend itself.
You puncture the bat!
You kill the bat!
c - 3 bread rations (gained 1)
You see here a bat corpse.
Welcome back, Jmtri7 the Deep Elf Conjurer.
Press ? for a list of commands and other information.
Are you sure you want to abandon this character and quit the game? (Confirm with "yes".)

## #. #.
###. ###
... ..#
#.##.# #
#..#.##.#
#.@.....#
####.####
#.# #.#
####.####
#.......##
#........#
#...#.#..#
#..#.<#..#


There were no monsters in sight!

Vanquished Creatures
  4 adders (D:2)
  3 worms (D:2)
  A dart slug (D:1)
  A giant gecko (D:1)
  4 orcs (D:3)
  2 ball pythons
  6 bats
  5 giant cockroaches
  11 hobgoblins
  5 jackals
  4 kobolds
  2 quokkas (D:2)
  A giant newt (D:1)
  7 goblins
  9 rats
65 creatures vanquished.

Notes
Turn   | Place    | Note
-------+----------+-------------------------------------------
     0 | D:1      | Jmtri7 the Deep Elf Conjurer began the quest for the Orb.
     0 | D:1      | Reached XP level 1. HP: 10/10 MP: 6/6
   310 | D:1      | Reached skill level 5 in Conjurations
   310 | D:1      | Reached XP level 2. HP: 12/15 MP: 0/8
   740 | D:2      | Reached XP level 3. HP: 12/19 MP: 0/9
  1130 | D:2      | Reached skill level 6 in Conjurations
  1202 | D:2      | Found a stormy altar of Qazlal.
  1233 | D:2      | Found a blossoming altar of Fedhas.
  1331 | D:2      | Reached XP level 4. HP: 24/24 MP: 10/10
  2064 | D:3      | Found a shimmering altar of Xom.
  2065 | D:3      | Found a shimmering altar of Xom.
  2067 | D:3      | Found a shimmering altar of Xom.
  2068 | D:3      | Found a shimmering altar of Xom.
  2070 | D:3      | Found a shimmering altar of Xom.
  2112 | D:3      | Upgraded the game from 0.19-a0-1072-g3763c35 to 0.19-a0-1091-g463c9de
  2112 | D:3      | Quit the game

Vault maps used:
D:1:      wheals_arrival_linesprint, minmay_unequal
D:2:      grunt_temple_overflow_forces_of_nature, minmay_tall_x
D:3:      kennysheep_vampire_church, overflow_temple_1_default, first_bread,
          hex_tiny, serial_bayou_pond_e, minmay_misc_feat_encased,
          xom_redecorated, uniq_jessica

Skill      XL: |  1  2  3 |
---------------+----------+-----
Conjurations   | 5 6 |  6.8
Dodging        | |  2.4
Stealth        | |  2.4
Spellcasting   | |  3.0

Action                   |  1- 3 |  4- 6 || total
-------------------------+-------+-------++-------
Melee: Short sword       |     8 |    31 ||    39
 Cast: Magic Dart        |    75 |    34 ||   109
 Stab: Sleeping          |       |     2 ||     2
  Eat: Chunk             |     1 |     3 ||     4
Armor: Robe              |     3 |     5 ||     8
Dodge: Dodged            |    13 |    17 ||    30
